 Dungeon Crawl Stone Soup version 0.27.1-33-g824d729ab1 (webtiles) character file.

Game seed: 17472050372011628428

1932 KamiKatze the Magician (level 9, -1/66 HPs)
             Began as a Djinni Conjurer on Dec 20, 2021.
             Was an Initiate of Makhleb.
             Splashed by an acid dragon's acid (11 damage)
             ... on level 7 of the Dungeon.
             The game lasted 00:29:49 (7760 turns).

KamiKatze the Magician (Djinni Conjurer)            Turns: 7760, Time: 00:29:49

Health: -1/66      AC:  4    Str:  6    XL:     9   Next: 40%
Gold:   380        EV: 12    Int: 23    God:    Makhleb [......] SH:  5 Dex: 12

rFire    + + .     SeeInvis .   d - +0 spear
rCold    x . .     Faith    .   k - +0 buckler
rNeg     . . .     Spirit   .   a - +0 robe
rPois    ∞         Reflect  .   m - +0 helmet
rElec    .         Harm     .   g - scarf {+Inv}
rCorr    .         Rampage  .   s - +0 pair of gloves
Will     .....                  (boots unavailable)
Stlth    ++........             (no amulet)
HPRegen  0.21/turn              (no ring)
MPRegen  0.00/turn              (no ring)

@: flying
A: sickness immunity, fire resistance 2, cold vulnerability 1, float, innate
caster, hp casting, extra vitality 1
a: Renounce Religion, Evoke Invisibility


You were on level 7 of the Dungeon.
You worshipped Makhleb.
Makhleb was noncommittal.
You visited 2 branches of the dungeon, and saw 8 of its levels.

You collected 380 gold pieces.

Inventory:

Hand Weapons
 d - a +0 spear (weapon)
 e - a +0 dagger
Missiles
 n - a throwing net
Armour
 a - a +0 robe (worn)
 g - a scarf of invisibility (worn)
 k - a +0 buckler (worn)
 m - a +0 helmet (worn)
 s - a +0 pair of gloves (worn)
Wands
 p - a wand of acid (12)
 q - a wand of charming (11)
Scrolls
 b - a scroll of immolation
 f - 2 scrolls of vulnerability {unknown}
 h - a scroll of enchant armour {unknown}
 o - 3 scrolls of magic mapping {unknown}
 v - a scroll of fear {unknown}
 x - a scroll of brand weapon {unknown}
Potions
 c - 6 potions of lignification
 i - 2 potions of curing
 j - a potion of mutation
 l - a potion of heal wounds {unknown}
 r - a potion of haste {unknown}
 t - a potion of resistance {unknown}
 u - a potion of cancellation {unknown}
 w - a potion of magic {unknown}
 z - a potion of attraction


   Skills:
 + Level 5.7 Fighting
 - Level 3.0 Dodging
 - Level 3.0 Stealth
 - Level 4.0 Shields
 * Level 7.3 Spellcasting


You couldn't memorise any spells.
You knew the following spells:

 Your Spells              Type           Power      Damage    Failure   Level
a - Magic Dart            Conj           100%       1d8       1%          1
b - Searing Ray           Conj           84%        3d6       1%          2
c - Fulminant Prism       Conj/Hex       21%        3d13      3%          4
d - Iskenderun's Mystic   Conj/Tloc      42%        2d10      3%          4
e - Sticky Flame          Conj/Fire      42%        2d6       3%          4
f - Ozocubu's Armour      Ice            42%        N/A       1%          3
g - Static Discharge      Conj/Air       42%        N/A       1%          2
o - Corona                Hex            46%        N/A       1%          1
p - Dazzling Flash        Conj/Hex       84%        N/A       1%          3
Your spell library was empty.

Dungeon Overview and Level Annotations

Branches:
Dungeon (7/15)             Temple (1/1) D:7

Altars:
Ashenzari
Cheibriados
Dithmenos
Elyvilon
Fedhas
Gozag
Hepliaklqana
Makhleb
Nemelex Xobeh
Qazlal
Ru
Sif Muna
Trog
Uskayaw
Vehumet
Wu Jian
Xom
Yredelemnul
Zin
The Shining One

Shops:
D:7 ?

Annotations:
D:5 1 runed translucent door, exclusion: door, ildemir's ghost, novice HOBe
D:6 Menkaure


Innate Abilities, Weirdness & Mutations

You are immune to sickness and miasma.
You are immune to poison.
Your flesh is very heat resistant. (rF++)
You are vulnerable to cold. (rC-)
You float through the air rather than walking.
You learn spells naturally, not from books.
Your magical power is your life essence.
You have superior vitality. (+4 HP)


Message History

Press: ? - help, Dir - move target You conjure a prism of explosive energy!
The acid dragon roars!
A fulminant prism comes into view.
Unknown command.
The acid dragon spits acid at you.
The splash of acid hits your fulminant prism!
Your fulminant prism is splashed with acid.
The acid corrodes your fulminant prism!
Your fulminant prism detonates feebly.
Casting: Fulminant Prism (dangerous; 3% risk of failure)
Confirm with . or Enter, or press ? or * to list all spells.
Aiming: Fulminant Prism (dangerous; 3% risk of failure)
Press: ? - help, Dir - move target You conjure a prism of explosive energy!
A fulminant prism comes into view.
You hear a loud crackle.
You hear an explosion!
The blast of energy engulfs the acid dragon!!
The acid dragon is severely wounded.
Things that are here:
a +0 dagger; a +0 robe; an orc corpse
Casting: Fulminant Prism (dangerous; 3% risk of failure)
Confirm with . or Enter, or press ? or * to list all spells.
Aiming: Fulminant Prism (dangerous; 3% risk of failure)
Press: ? - help, Dir - move target You conjure a prism of explosive energy!
A fulminant prism comes into view.
The acid dragon spits acid at you. The splash of acid hits you.
You are splashed with acid!
Your fulminant prism crackles loudly.
The acid dragon spits acid at you. The splash of acid hits you.
You are splashed with acid!
* * * LOW HITPOINT WARNING * * *
Your fulminant prism explodes!
The acid dragon spits acid at you. The splash of acid hits you!
* * * LOW HITPOINT WARNING * * *
You are splashed with acid!
You die...

#..### ### #..#.# #..
########..#.#
#.######.....§.....#
#........>....§....#
#..##.....#..≈§≈....
#..##..(..#.§§..≈...
#..##.....#≈..∩..≈..
#).@'.......≈...≈.#.
#..##........≈.≈....
#.))####..#...≈.....
##............+.....
#
##...####..#####....#
#.#..#.####...
....####
#....*........
........
#.#.D#.####.#
####.#### ..........


You could see an acid dragon (catching breath).

Vanquished Creatures
  Sigmund (D:6)
  A water moccasin (D:6)
  An orc warrior (D:6)
  2 black bears
  2 ice beasts
  An ogre (D:5)
  A centaur (D:7)
  A bullfrog (D:7)
  3 scorpions
  2 water moccasin skeletons
  A centaur zombie (D:5)
  A hound (D:6)
  A centaur skeleton (D:4)
  5 bullfrog skeletons
  5 iguanas
  2 orc wizards
  A killer bee zombie (D:5)
  A howler monkey zombie (D:7)
  11 gnolls
  7 adders
  A howler monkey skeleton (D:7)
  A white imp (D:5)
  An ufetubus (D:5)
  An adder skeleton (D:4)
  4 worms
  2 dart slugs (D:1)
  18 orcs
  4 ball pythons
  3 bats
  6 endoplasms
  2 giant cockroaches
  3 hobgoblins (D:1)
  8 jackals (D:3)
  5 kobolds
  4 quokkas
  2 frilled lizards
  9 goblins
  A rat (D:1)
125 creatures vanquished.

Vanquished Creatures (others)
  6 fulminant prisms
6 creatures vanquished.

Grand Total: 131 creatures vanquished

Notes
Turn   | Place    | Note
-------+----------+-------------------------------------------
     0 | D:1      | KamiKatze the Djinni Conjurer began the quest for the Orb.
     0 | D:1      | Reached XP level 1. HP: 15/15 MP: 0/0
    22 | D:1      | Found a faded altar of an unknown god.
   289 | D:1      | Reached XP level 2. HP: 19/22 MP: 0/0
   596 | D:1      | Reached XP level 3. HP: 14/26 MP: 0/0
   596 | D:1      | Learned a level 1 spell: Corona
   987 | D:1      | Reached skill level 1 in Fighting
  1194 | D:2      | Noticed a scorpion
  1492 | D:2      | Killed a scorpion
  1493 | D:2      | Reached XP level 4. HP: 24/32 MP: 0/0
  1514 | D:2      | Reached XP level 5. HP: 26/37 MP: 0/0
  1514 | D:2      | Learned a level 2 spell: Static Discharge
  1657 | D:2      | Reached skill level 4 in Spellcasting
  3321 | D:4      | Reached skill level 1 in Shields
  3321 | D:4      | Reached XP level 6. HP: 40/43 MP: 0/0
  4056 | D:4      | Found a stormy altar of Qazlal.
  4145 | D:4      | Reached XP level 7. HP: 44/49 MP: 0/0
  4145 | D:4      | Learned a level 3 spell: Ozocubu's Armour
  4444 | D:5      | Entered Level 5 of the Dungeon
  4935 | D:5      | Reached skill level 5 in Spellcasting
  5167 | D:5      | Reached XP level 8. HP: 52/56 MP: 0/0
  5206 | D:5      | Found a runed translucent door.
  5211 | D:5      | Noticed ildemir's ghost (novice HOBe)
  5783 | D:6      | Noticed Sigmund
  5797 | D:6      | Killed Sigmund
  6074 | D:6      | Reached skill level 6 in Spellcasting
  6418 | D:6      | Noticed Menkaure
  6753 | D:6      | Reached XP level 9. HP: 56/64 MP: 0/0
  6753 | D:6      | Learned a level 4 spell: Sticky Flame
  6912 | D:6      | Found a bloodstained altar of Trog.
  6917 | D:6      | Reached skill level 5 in Fighting
  7172 | D:7      | Reached skill level 7 in Spellcasting
  7396 | D:7      | Found a staircase to the Ecumenical Temple.
  7401 | Temple   | Entered the Ecumenical Temple
  7448 | Temple   | Became a worshipper of Makhleb the Destroyer
  7689 | D:7      | Found Lehig's Magic Scroll Shop.
  7760 | D:7      | Splashed by an acid dragon's acid

Illustrated notes

Levels and vault maps discovered:
D:1:      moated_graveyard_arrival, layout_basic,
          hellmonk_ecumenical_altar_pennies_from_heaven,
          chequers_hall_statues_corner_a
D:2:      layout_loops_cross
D:3:      layout_loops_ring, minivault_19
D:4:      layout_loops_ring, nicolae_qazlal_general_emergency
D:5:      layout_cave_pools, ebering_ghost_sewer_d, bh_walls_and_bars
D:6:      layout_basic, trog_butcher_becter, minmay_misc_feat_doors,
          uniq_menkaure, uniq_sigmund
D:7:      layout_basic, lemuel_mausoleum_altar_kikubaaqudgha, marbit_many_paths,
          temple_statues, serial_shops, nicolae_diamond_shop
Temple:   nicolae_temple_no_exploring_needed

Skill      XL: |  1  2  3  4  5  6  7  8  9 |
---------------+----------------------------+-----
Fighting       | 1 2 3 4 5 |  5.7
Stealth        | 2 3 |  3.0
Dodging        | 3 |  3.0
Spellcasting   | 4 5 6 7 |  7.3
Shields        | 1 3 4 |  4.0

Action                   |  1- 3 |  4- 6 |  7- 9 || total
-------------------------+-------+-------+-------++-------
Melee: Spear             |     2 |     4 |     1 ||     7
 Cast: Magic Dart        |    48 |    25 |    20 ||    93
       Searing Ray       |     2 |    28 |    43 ||    73
       Fulminant Prism   |       |       |     6 ||     6
       Ozocubu's Armour  |       |       |     1 ||     1
       Dazzling Flash    |       |       |     1 ||     1
  Use: Scroll            |       |     3 |     3 ||     6
Armor: Robe              |       |     1 |     6 ||     7
Dodge: Dodged            |     5 |    14 |    26 ||    45
Block: Buckler           |       |       |     1 ||     1
